 Dungeon Crawl Stone Soup version 0.30.1-11-g7821555f0a (webtiles) character file.

Game seed: 7605047379323601436

101680 anacleto the Marksminotaur (level 15, -20/134 HPs)
             Began as a Minotaur Hunter on Dec 9, 2023.
             Was a Priest of Fedhas.
             Killed from afar by a frost giant (37 damage)
             ... with a bolt of cold
             ... on level 15 of the Dungeon.
             The game lasted 02:32:50 (40993 turns).

anacleto the Marksminotaur (Minotaur Hunter)       Turns: 40993, Time: 02:32:51

Health: -20/134    AC: 19    Str: 18    XL:     15   Next: 84%
Magic:  19/20      EV: 13    Int:  4    God:    Fedhas [***...]
Gold:   1125       SH:  0    Dex: 19    Spells: 14/14 levels left

rFire   . . .        b - +0 battleaxe (freeze)
rCold   . . .        (shield currently unavailable)
rNeg    . . .        H - +3 chain mail "Duhyffolosm" {rElec rCorr Int-2 Stlth+}
rPois   .            i - +0 hat {Will+}
rElec   +            E - +1 cloak
rCorr   +            c - +0 pair of gloves
SInv    +            q - +0 pair of boots
Will    ++...        I - amulet of faith
Stlth   +++++        z - ring of see invisible
HPRegen 0.42/turn    J - +4 ring of protection
MPRegen 0.17/turn

%: faith
@: no status effects
A: horns 2, retaliatory headbutt
a: Renounce Religion, Wall of Briars, Grow Ballistomycete


You were on level 15 of the Dungeon.
You worshipped Fedhas.
Fedhas was most pleased with you.
You visited 5 branches of the dungeon, and saw 24 of its levels.

You collected 2774 gold pieces.
You spent 1649 gold pieces at shops.

Inventory:

Hand Weapons
 a - a +3 longbow of electrocution
 b - a +0 battleaxe of freezing (weapon)
Missiles
 w - 2 boomerangs of dispersal
 V - 2 throwing nets
Armour
 c - a +0 pair of gloves (worn)
 i - a +0 hat of willpower (worn)
 q - a +0 pair of boots (worn)
 E - a +1 cloak (worn)
 H - the +3 chain mail "Duhyffolosm" (worn) {rElec rCorr Int-2 Stlth+}
   (You found it on level 7 of the Dungeon)

   Int:       It affects your intelligence (-2).
   rElec:     It insulates you from electricity.
   rCorr:     It protects you from acid and corrosion.
   Stlth:     It makes you more stealthy.
Jewellery
 h - a ring of poison resistance
 z - a ring of see invisible (left hand)
 C - a +6 ring of strength
 I - an amulet of faith (around neck)
 J - a +4 ring of protection (right hand)
 Y - a ring of flight
Wands
 d - a wand of digging (4)
 p - a wand of polymorph (13)
 y - a wand of mindburst (2)
 A - a wand of flame (13)
 B - a wand of charming (4)
 M - a wand of iceblast (3)
Scrolls
 f - 2 scrolls of amnesia
 g - 3 scrolls of poison
 j - 3 scrolls of magic mapping
 n - 4 scrolls of torment
 r - 3 scrolls of fog
 t - a scroll of identify
 u - 2 scrolls of silence
 D - 2 scrolls of enchant armour
 G - 2 scrolls of brand weapon
 L - 4 scrolls of immolation
 U - 7 scrolls of teleportation
 X - 2 scrolls of summoning
Potions
 e - 10 potions of curing
 k - a potion of invisibility
 l - 2 potions of brilliance
 m - 2 potions of berserk rage
 o - 3 potions of lignification
 v - 4 potions of attraction
 F - 4 potions of flight
 O - 2 potions of mutation
 P - 2 potions of magic
 Q - 2 potions of cancellation
 T - a potion of ambrosia {unknown}
 Z - a potion of might {unknown}
Miscellaneous
 s - a piece from Xom's chessboard (15/15)
 x - a phial of floods
 R - a lightning rod (3/4)
 S - a box of beasts


   Skills:
 - Level 12.4 Fighting
 - Level 11.9 Axes
 + Level 18.6 Ranged Weapons
 - Level 11.4 Dodging
 - Level 15.2 Stealth
 - Level 8.3 Invocations


You had 14 spell levels left.
You didn't know any spells.
Your spell library contained the following spells:

 Spells                   Type           Power      Damage    Failure   Level
 Foxfire                  Conj/Fire      0%         2x1d4     99%         1
 Kiss of Death            Conj/Necr      0%         2d5       99%         1
 Magic Dart               Conj           0%         1d3       99%         1
 Necrotise                Necr           0%         1d4       99%         1
 Slow                     Hex            0%         N/A       99%         1
 Blink                    Tloc           0%         N/A       100%        2
 Call Imp                 Summ           0%         N/A       100%        2
 Confusing Touch          Hex            0%         N/A       100%        3
 Ignite Poison            Fire/Tmut/Pois 0%         N/A       100%        3
 Inner Flame              Hex/Fire       0%         N/A       100%        3
 Mephitic Cloud           Conj/Pois/Air  0%         N/A       100%        3
 Ozocubu's Armour         Ice            0%         N/A       100%        3
 Vampiric Draining        Necr           0%         2d6       100%        3
 Dispel Undead            Necr           0%         3d6       100%        4
 Flame Wave               Conj/Fire      0%         2d4       100%        4
 Leda's Liquefaction      Hex/Erth       0%         N/A       100%        4
 Manifold Assault         Tloc           0%         N/A       100%        4
 Olgreb's Toxic Radiance  Pois           0%         N/A       100%        4
 Petrify                  Tmut/Erth      0%         N/A       100%        4
 Sticky Flame             Conj/Fire      0%         2d3       100%        4
 Summon Lightning Spire   Summ/Air       0%         N/A       100%        4
 Agony                    Necr           0%         N/A       100%        5
 Fireball                 Conj/Fire      0%         3d3       100%        5
 Lee's Rapid Deconstruct  Erth           0%         3d4*      100%        5
 Metabolic Englaciation   Hex/Ice        0%         N/A       100%        5
 Dispersal                Tloc           0%         N/A       100%        6
 Plasma Beam              Fire/Air       0%         2x1d11    100%        6
 Simulacrum               Ice/Necr       0%         N/A       100%        6
 Starburst                Conj/Fire      0%         6d3       100%        6
 Statue Form              Tmut/Erth      0%         N/A       100%        6
 Storm Form               Tmut/Air       0%         N/A       100%        7
 Discord                  Hex            0%         N/A       100%        8
 Disjunction              Tloc           0%         N/A       100%        8
 Ignition                 Fire           0%         3d3       100%        8
 Maxwell's Capacitive Co  Air            0%         ∞         100%        8


Dungeon Overview and Level Annotations

Branches:
Dungeon (15/15)            Temple (1/1) D:4            Lair (5/5) D:10
 Shoals (0/4) Lair:3       Spider (0/4) Lair:2        Slime (0/5) Lair:4
    Orc (2/2) D:10            Elf (1/3) Orc:2        Vaults (0/5) D:13
 Depths (0/4) D:15

Altars:
Ashenzari
Cheibriados
Dithmenos
Elyvilon
Fedhas
Gozag
Hepliaklqana
Kikubaaqudgha
Makhleb
Okawaru
Ru
Sif Muna
Trog
Uskayaw
Vehumet
Wu Jian
Xom
Yredelemnul
Zin
Jiyva
Lugonu

Shops:
D:9 *   D:12 *   D:15 [   Orc:2 !?!=

Portals:
Abyss: Lair:5


Innate Abilities, Weirdness & Mutations

You have a pair of horns on your head.
You reflexively headbutt those who attack you in melee.


Message History

You shoot an arrow. The arrow hits the frost giant.
The frost giant is moderately wounded.
Your briar patch disappears in a puff of smoke!
Your +3 longbow of electrocution stops crackling.
Your +0 battleaxe of freezing glows with a cold blue light!
b - a +0 battleaxe of freezing (weapon)
The frost giant points at you and mumbles some strange words.
The bolt of cold misses you.
You slash the frost giant!
You headbutt the frost giant, but do no damage.
The frost giant is moderately wounded.
The frost giant hits you with a +0 battleaxe of freezing.
The frost giant freezes you.
The frost giant hits your briar patch with a +0 battleaxe of freezing.
The frost giant freezes your briar patch.
You completely miss the frost giant.
The frost giant is moderately wounded.
The frost giant hits you with a +0 battleaxe of freezing!!
The frost giant freezes you!
The frost giant hits your briar patch but does no damage.
You slice the frost giant!! You freeze the frost giant.
You headbutt the frost giant.
The frost giant is heavily wounded.
The frost giant points at you and mumbles some strange words.
The bolt of cold hits you!
You walk carefully through the plants.
The frost giant hits you with a +0 battleaxe of freezing!!
The frost giant freezes you!
* * * LOW HITPOINT WARNING * * *
The frost giant gestures at you while chanting.
The bolt of cold hits you!!
* * * LOW HITPOINT WARNING * * *
The bolt of cold hits your briar patch!!
The frost giant points at you and mumbles some strange words.
The bolt of cold hits your briar patch!!!
Your briar patch is destroyed!
Your briar patch disappears in a puff of smoke!
The bolt of cold hits you!!!
You die...
Fedhas appreciates your contribution to the ecosystem.

#..................
...................
...####..........
#..# #..........
#..# #..#########
#..# #..# +...'C#
#..####..# #.>.#§#
.........#.#.. #.#
.........#.##+##@#
#..####..#.≈...≈.#
#..# #..#.≈...≈)#
#..# #..#.≈.≈.P.#
#..# #..#.#.#.#.#
#..# #..#≈..#.PP#
...####..#≈≈...≈≈#
.........####'######
#........###..#.....


You could see a frost giant (ally target).

Vanquished Creatures
  Josephine (Lair:3)
  A deep elf death mage (Elf:1)
  An ettin (Orc:2)
  An entropy weaver (Lair:4)
  3 hydras
  5 centaur warriors
  An ogre mage (Orc:2)
  2 dancing weapons (D:13)
  2 catoblepae
  3 boulder beetles
  12 two-headed ogres
  7 death yaks
  3 thrashing horrors (Lair:5)
  A tengu warrior (D:15)
  Urug (D:11)
  8 skeletal warriors
  4 fire crabs (Lair:4)
  Amaemon (Lair:3)
  2 deep trolls (Orc:2)
  4 wolf spider zombies (D:13)
  A lindwurm (Lair:4)
  2 orc knights
  5 deep elf zephyrmancers (Elf:1)
  6 cyclopes
  An orc sorcerer (Orc:2)
  2 ugly things (Lair:5)
  4 deep elf pyromancers
  Joseph (Lair:1)
  24 elephants
  6 centaur zombies (D:13)
  3 black mambas
  2 smoke demons (Lair:5)
  An ice statue (D:11)
  An orange demon (Lair:3)
  7 cane toads
  5 gargoyles
  3 rime drakes
  A komodo dragon (shapeshifter) (Lair:5)
  A redback zombie (D:13)
  A tengu conjurer (D:13)
  An efreet (D:15)
  3 kobold demonologists
  An ice devil (D:11)
  4 komodo dragons
  An anaconda simulacrum (D:11)
  A yaktaur (shapeshifter) (Lair:5)
  3 ancient zymes (Lair:5)
  17 trolls
  4 polar bears
  A tarantella (shapeshifter) (D:14)
  A raiju (shapeshifter) (Lair:5)
  18 blink frogs
  A vampire (D:11)
  A ynoxinul (Lair:5)
  Sigmund (D:6)
  2 culicivoras (Lair:1)
  2 centaur simulacra
  2 shadows (D:11)
  2 spriggans (Lair:5)
  5 wraiths
  A water elemental (D:11)
  5 wyverns
  Eustachio (D:6)
  A basilisk (shapeshifter) (D:14)
  55 yaks
  A death yak simulacrum (D:11)
  A basilisk (Lair:5)
  A large abomination (Lair:5)
  A chaos spawn (Lair:5)
  7 vampire mosquitoes
  A harpy simulacrum (D:11)
  A redback (Lair:2)
  Menkaure (D:4)
  Edmund (D:6)
  3 acid dragons
  A naga (shapeshifter) (D:14)
  2 wargs (Orc:2)
  7 water moccasins
  14 small abominations (Lair:5)
  5 black bears
  13 orc warriors
  An ice beast (D:5)
  21 ogres
  11 wolves
  13 centaurs
  A phantom (D:5)
  4 kobold brigands
  Blork the orc (D:6)
  A gnoll sergeant (D:9)
  3 two-headed ogre simulacra (D:11)
  14 bullfrogs
  5 scorpions
  11 killer bees
  6 howler monkeys
  3 electric eels (D:11)
  2 crimson imps
  3 jellies
  8 hounds
  11 orc priests
  2 gnoll boudas (D:9)
  3 boggart zombies (D:13)
  2 iguanas (D:4)
  21 orc wizards
  6 hell rats (Lair:4)
  A spriggan simulacrum (D:11)
  Robin (D:2)
  15 gnolls
  8 adders
  A shadow imp (D:5)
  4 white imps
  3 ufetubi
  A worm (D:4)
  3 dart slugs
  63 orcs
  6 endoplasms
  6 giant cockroaches
  16 hobgoblins
  6 jackals
  2 quokkas
  9 ball pythons
  6 bats
  A frilled lizard (D:2)
  13 goblins
  20 kobolds
  3 rats
  A ballistomycete spore (Lair:5)
676 creatures vanquished.

Vanquished Creatures (collateral kills)
  A hydra (D:13)
  An ogre mage (Orc:2)
  A deep elf pyromancer (Elf:1)
  An elephant (Lair:4)
  A freezing wraith (D:11)
  A yak (D:10)
  3 centaurs (D:14)
  A killer bee (D:10)
  An elephant simulacrum (D:11)
  An orc priest (D:9)
  An orc wizard (Orc:1)
  A gnoll (D:9)
  2 orcs (Orc:1)
  A kobold (D:9)
  28 ballistomycete spores
45 creatures vanquished.

Vanquished Creatures (others)
  A wizard (D:14)
  An ufetubus (D:6)
  A quokka (D:14)
  4 ballistomycete spores
7 creatures vanquished.

Grand Total: 728 creatures vanquished

Notes
Turn   | Place    | Note
-------+----------+-------------------------------------------
     0 | D:1      | anacleto the Minotaur Hunter began the quest for the Orb.
     0 | D:1      | Reached XP level 1. HP: 18/18 MP: 0/0
    88 | D:1      | Reached skill level 1 in Stealth
   183 | D:1      | Reached XP level 2. HP: 25/25 MP: 1/1
   522 | D:1      | Found a faded altar of an unknown god.
   790 | D:2      | Reached XP level 3. HP: 26/31 MP: 2/2
   862 | D:2      | Noticed Robin
   869 | D:2      | Killed Robin
   884 | D:2      | Reached XP level 4. HP: 38/38 MP: 3/3
  1236 | D:3      | Reached skill level 5 in Ranged Weapons
  1622 | D:3      | Reached XP level 5. HP: 46/46 MP: 4/4
  1650 | D:3      | Found a broken altar of Ashenzari.
  1982 | D:3      | Found a faded altar of an unknown god.
  1982 | D:3      | Found a shimmering blue altar of Sif Muna.
  1990 | D:3      | Found a faded altar of an unknown god.
  1992 | D:3      | Found an opulent altar of Gozag.
  1994 | D:3      | Found a hazy altar of Hepliaklqana.
  2263 | D:3      | Reached skill level 1 in Axes
  2515 | D:3      | Reached XP level 6. HP: 52/52 MP: 5/5
  2768 | D:4      | Reached skill level 6 in Ranged Weapons
  3078 | D:4      | Noticed Menkaure
  3084 | D:4      | Killed Menkaure
  3085 | D:4      | Reached XP level 7. HP: 26/60 MP: 6/6
  3312 | D:4      | Found a staircase to the Ecumenical Temple.
  3318 | Temple   | Entered the Ecumenical Temple
  3335 | Temple   | Became a worshipper of Fedhas Madash
  3506 | D:4      | Reached skill level 5 in Fighting
  3934 | D:4      | Found an ornate altar of the Wu Jian Council.
  4009 | D:5      | Entered Level 5 of the Dungeon
  4147 | D:5      | Reached skill level 7 in Ranged Weapons
  4218 | D:5      | Reached * piety under Fedhas
  4234 | D:5      | Found an ancient bone altar of Kikubaaqudgha.
  4261 | D:5      | Reached XP level 8. HP: 58/69 MP: 7/7
  4631 | D:5      | Found a shimmering altar of Xom.
  4631 | D:5      | Found a burning altar of Makhleb.
  4823 | D:5      | Found a glowing silver altar of Zin.
  4823 | D:5      | Found a snail-covered altar of Cheibriados.
  4824 | D:5      | Found a radiant altar of Vehumet.
  5177 | D:4      | Reached skill level 5 in Dodging
  5309 | D:6      | Noticed Sigmund
  5316 | D:6      | Killed Sigmund
  5338 | D:6      | Noticed Eustachio
  5341 | D:6      | Killed Eustachio
  5509 | D:6      | Reached skill level 8 in Ranged Weapons
  5576 | D:6      | Noticed Edmund
  5590 | D:6      | Killed Edmund
  5896 | D:5      | Reached skill level 5 in Axes
  5896 | D:5      | Reached XP level 9. HP: 69/78 MP: 8/8
  5980 | D:6      | Noticed Blork the orc
  6001 | D:6      | Killed Blork the orc
  6854 | D:7      | HP: 2/78 [wyvern (16)]
  7112 | D:7      | Reached skill level 9 in Ranged Weapons
  7177 | D:7      | Reached ** piety under Fedhas
  7395 | D:7      | Identified the +3 chain mail "Duhyffolosm" {rElec rCorr
                  | Int-2 Stlth+}
  7471 | D:7      | Reached skill level 5 in Stealth
  7569 | D:8      | Identified the +2 robe of Compression {rElec rF+ Archmagi}
  8437 | D:9      | Noticed a cyclops
  8455 | D:9      | Killed a cyclops
  8456 | D:9      | Reached skill level 10 in Ranged Weapons
  8643 | D:8      | Reached XP level 10. HP: 84/86 MP: 9/9
  8649 | D:9      | Noticed a two-headed ogre
  8752 | D:9      | Reached *** piety under Fedhas
  9038 | D:8      | Killed a two-headed ogre
  9039 | D:8      | Reached skill level 1 in Invocations
  9551 | D:9      | Found Puotegose's General Store.
  9560 | D:9      | Bought a scroll of identify for 24 gold pieces
  9560 | D:9      | Bought a scroll of identify for 24 gold pieces
  9648 | D:10     | Entered Level 10 of the Dungeon
  9920 | D:10     | Noticed a two-headed ogre
 11105 | D:10     | Reached skill level 11 in Ranged Weapons
 11204 | D:10     | Killed a two-headed ogre
 11353 | D:10     | Found a staircase to the Orcish Mines.
 11431 | D:10     | Found a staircase to the Lair.
 11579 | D:10     | Reached **** piety under Fedhas
 11617 | D:10     | Found an iron altar of Okawaru.
 11662 | D:10     | Reached XP level 11. HP: 95/95 MP: 6/12
 12617 | D:11     | Noticed Urug
 13376 | D:12     | Noticed a two-headed ogre
 13381 | D:11     | Reached skill level 12 in Ranged Weapons
 13486 | D:11     | Killed a two-headed ogre
 13739 | D:12     | Identified the +2 flail of the Unliving {flame, Dex+3}
 13752 | D:12     | Identified the +1 leather armour of the Elven Halls {rElec}
 15571 | D:11     | Reached skill level 5 in Invocations
 15571 | D:11     | Reached XP level 12. HP: 101/106 MP: 14/14
 16532 | D:12     | Noticed a two-headed ogre
 16578 | D:11     | Killed Urug
 16723 | D:11     | Killed a two-headed ogre
 16783 | D:12     | Found Ylushra's Elemental Accessories.
 16808 | D:11     | Reached skill level 10 in Fighting
 16916 | D:11     | Reached skill level 13 in Ranged Weapons
 16935 | D:12     | Bought a lightning rod (4/4) for 450 gold pieces
 16949 | D:12     | Noticed a boulder beetle
 17519 | D:11     | Killed a boulder beetle
 17962 | Orc:1    | Entered Level 1 of the Orcish Mines
 17985 | Orc:1    | Noticed a two-headed ogre
 18005 | D:10     | Killed a two-headed ogre
 18448 | Orc:2    | Entered Level 2 of the Orcish Mines
 19918 | Orc:2    | Found Udidiw's Distillery.
 19918 | Orc:2    | Noticed a two-headed ogre
 19931 | Orc:2    | Noticed an ogre mage
 19935 | Orc:2    | Killed a two-headed ogre
 19937 | Orc:2    | Noticed a two-headed ogre
 19938 | Orc:2    | Noticed a two-headed ogre
 19938 | Orc:2    | Noticed an ettin
 19941 | Orc:2    | Noticed a two-headed ogre
 19946 | Orc:2    | Killed an ettin
 19946 | Orc:2    | Noticed a two-headed ogre
 19957 | Orc:2    | Killed a two-headed ogre
 19957 | Orc:2    | Killed a two-headed ogre
 19958 | Orc:2    | Reached skill level 10 in Axes
 19973 | Orc:2    | Killed a two-headed ogre
 20172 | Orc:1    | Killed a two-headed ogre
 20173 | Orc:1    | Reached skill level 10 in Dodging
 20285 | Orc:2    | Reached skill level 14 in Ranged Weapons
 20350 | Orc:2    | Reached XP level 13. HP: 109/115 MP: 16/16
 20381 | Orc:2    | Paralysed by an ogre mage for 5 turns
 21418 | Orc:2    | Found Uwaah's Jewellery Shoppe.
 21423 | Orc:2    | Found Neiqahel's Magic Scroll Shoppe.
 21489 | Orc:2    | Found Ahiggi's Distillery.
 21501 | Orc:2    | Bought a potion of curing for 36 gold pieces
 21501 | Orc:2    | Bought a potion of invisibility for 96 gold pieces
 21508 | Orc:2    | Bought a potion of curing for 48 gold pieces
 21508 | Orc:2    | Bought a potion of haste for 160 gold pieces
 21508 | Orc:2    | Bought a potion of heal wounds for 80 gold pieces
 21508 | Orc:2    | Bought a potion of berserk rage for 80 gold pieces
 21514 | Orc:2    | Bought a scroll of identify for 28 gold pieces
 21514 | Orc:2    | Bought a scroll of blinking for 105 gold pieces
 21514 | Orc:2    | Bought 2 scrolls of fog for 112 gold pieces
 21514 | Orc:2    | Bought a scroll of enchant weapon for 105 gold pieces
 21514 | Orc:2    | Bought a scroll of magic mapping for 105 gold pieces
 21514 | Orc:2    | Bought a scroll of immolation for 56 gold pieces
 21514 | Orc:2    | Bought a scroll of immolation for 56 gold pieces
 21514 | Orc:2    | Bought a scroll of identify for 28 gold pieces
 21516 | Orc:2    | Bought a scroll of poison for 56 gold pieces
 21616 | Orc:2    | Found a staircase to the Elven Halls.
 22849 | Elf:1    | Entered Level 1 of the Elven Halls
 23161 | Elf:1    | Noticed a deep elf death mage
 23186 | Elf:1    | Killed a deep elf death mage
 23199 | Elf:1    | Killed a ghostly deep elf death mage
 24382 | Lair:1   | Entered Level 1 of the Lair of Beasts
 24613 | Lair:1   | Noticed Joseph
 24737 | Lair:1   | Killed Joseph
 25202 | Lair:1   | Reached skill level 15 in Ranged Weapons
 26529 | Lair:2   | Found a hole to the Spider Nest.
 27238 | Lair:3   | Reached XP level 14. HP: 123/125 MP: 15/18
 27343 | Lair:3   | Noticed Amaemon
 27390 | Lair:3   | Killed Amaemon
 27466 | Lair:3   | Found an ornate altar of the Wu Jian Council.
 27468 | Lair:3   | Found a hide-covered altar of Uskayaw.
 27758 | Lair:3   | Found a staircase to the Shoals.
 28168 | Lair:3   | Noticed Josephine
 28194 | Lair:3   | Killed Josephine
 28926 | Lair:4   | Found a runed translucent door.
 30460 | Lair:4   | Reached skill level 16 in Ranged Weapons
 30537 | Lair:4   | Identified a scroll of acquirement
 30539 | Lair:4   | Acquired a manual of Stealth
 30700 | Lair:4   | Reached skill level 10 in Stealth
 32865 | Lair:4   | Found a staircase to the Slime Pits.
 32865 | Lair:4   | Found a viscous altar of Jiyva.
 33178 | Lair:5   | Entered Level 5 of the Lair of Beasts
 34234 | Lair:5   | Reached XP level 15. HP: 69/134 MP: 20/20
 34551 | Lair:5   | HP: 3/134 [small abomination (11)]
 34556 | Lair:5   | HP: 1/134 [small abomination (9)]
 35820 | Lair:5   | Reached skill level 15 in Stealth
 35906 | Lair:5   | Found a corrupted altar of Lugonu.
 35906 | Lair:5   | Found a one-way gate to the infinite horrors of the Abyss.
 37917 | D:13     | Found a basalt altar of Yredelemnul.
 38165 | D:13     | Reached skill level 17 in Ranged Weapons
 38544 | D:13     | Found a gate to the Vaults.
 39768 | D:14     | Found a white marble altar of Elyvilon.
 39848 | D:14     | Reached skill level 18 in Ranged Weapons
 40007 | D:14     | Identified the orb of Pogi {mayhem, Stlth+}
 40410 | D:15     | Entered Level 15 of the Dungeon
 40876 | D:15     | Found Fyelalaho's Armour Boutique.
 40982 | D:15     | Found a staircase to the Depths.
 40982 | D:15     | Noticed a frost giant
 40993 | D:15     | Killed from afar by a frost giant

Illustrated notes

Levels and vault maps discovered:
D:1:      zelgadis_glass_arrival_small, layout_basic,
          shapermc_ecumenical_altar_petra
D:2:      layout_basic, minmay_tetromino_o4, uniq_robin
D:3:      layout_loops_corners, evilmike_ruin_ashenzari,
          chequers_temple_overflow_minitemple
D:4:      minmay_polygon_palace, layout_cave_pools,
          nicolae_wu_jian_immortal_techniques, minmay_temple_entry_nine_rooms,
          uniq_menkaure
D:5:      layout_basic, grunt_temple_overflow_champion_of_chaos,
          kiku_gazebo_garden_becter, nicolae_overflow_hidden_temple,
          amcnicky_mini_corridor_feature, minmay_misc_feat_secret_circle,
          mrwooster_statue_mirror
D:6:      layout_cave_pods, uniq_blork_the_orc, uniq_sigmund, uniq_edmund,
          uniq_eustachio
D:7:      layout_rooms
D:8:      layout_basic
D:9:      kennysheep_housing_project, layout_cross, serial_shops,
          nicolae_shop_tiny_statue_garden
D:10:     layout_basic, old_standard_altar, grunt_lair_entry_orc_guard_hut,
          hiddenorc1_lemuel
D:11:     dreamdust_isle_of_ice, layout_basic, minmay_misc_feat_enclosed,
          uniq_urug
D:12:     layout_stronghold, nicolae_elemental_shop
D:13:     layout_loops_ring, erik_vaults_1, minmay_misc_feat_encased,
          nicolae_yredelemnul_corpse_copse
D:14:     layout_loops_ring, elyvilon_altar_4, lightli_wizard_tower
D:15:     grunt_enter_depths_snipers, layout_small_grid, solitary_fountain,
          serial_shops, shop, nicolae_shop_bloodbath_and_beyond,
          grunt_ministairs_4, drop_trap, nicolae_kite_square_tiling_tiny
Temple:   corrupted_temple
Lair:1:   layout_long_grid, infiniplex_staircase_pool, uniq_joseph
Lair:2:   layout_chaotic_city, spider_nest_entry_funnel_web
Lair:3:   layout_regular_city, minmay_shoals_entry_centaurs,
          nzn_masters_of_martial_movement, lemuel_fruit_tree, uniq_josephine,
          uniq_amaemon
Lair:4:   gammafunk_mikee_crab_dinner, layout_regular_city, slime_entry_1,
          beast_lair_carwin_2
Lair:5:   hellmonk_lair_end_abyssal_woods, layout_cave_pods
Orc:1:    layout_diamond_mine, nicolae_orc_sculptors_studio
Orc:2:    st_orc_open, layout_diamond_mine
Elf:1:    eino_elf_arrival_customs, layout_gridlike, hangedman_corner_corridor

Skill      XL: |  1  2  3  4  5  6  7  8  9 10 11 12 13 14 15 |
---------------+----------------------------------------------+-----
Stealth        | 1 2 3 4 5 6 7 8 9 13 15 | 15.2
Fighting       | 3 4 5 6 7 8 9 10 11 12 | 12.4
Dodging        | 3 4 5 6 7 9 10 11 | 11.4
Ranged Weapons | 5 6 7 8 10 11 12 14 15 16 18 | 18.6
Axes           | 1 2 3 5 6 7 8 10 11 | 11.9
Invocations    | 3 5 6 7 8 |  8.3

Action                     |  1- 3 |  4- 6 |  7- 9 | 10-12 | 13-15 || total
---------------------------+-------+-------+-------+-------+-------++-------
  Melee: War axe           |       |    31 |   143 |       |       ||   174
         Headbutt          |       |     7 |    35 |    84 |   191 ||   317
         Scimitar          |       |     3 |       |       |       ||     3
         Battleaxe         |       |       |    62 |   381 |   714 ||  1157
         Punch             |       |       |     1 |       |       ||     1
   Fire: Shortbow          |   102 |   124 |   149 |   476 |   677 ||  1528
         Longbow           |       |       |       |       |   157 ||   157
  Throw: Throwing net      |       |       |     1 |     1 |       ||     2
 Invoke: Wall of Briars    |       |       |       |    32 |    82 ||   114
         Grow Ballistomyce |       |       |       |     5 |     3 ||     8
  Evoke: Wand              |       |     2 |    17 |    46 |    14 ||    79
         Piece from Xom's  |       |       |       |     2 |     2 ||     4
         Lightning rod     |       |       |       |     6 |     9 ||    15
         Box of beasts     |       |       |       |       |     1 ||     1
    Use: Potion            |       |     1 |     3 |    10 |    12 ||    26
         Scroll            |       |       |    14 |    23 |    21 ||    58
   Stab: Confused          |       |       |       |     1 |       ||     1
         Sleeping          |       |       |       |       |     3 ||     3
         Distracted        |       |       |       |       |     1 ||     1
 Armour: Leather armour    |    12 |    27 |    33 |       |       ||    72
         Scale mail        |       |       |    19 |       |       ||    19
         Chain mail        |       |       |    64 |   427 |   656 ||  1147
  Dodge: Dodged            |    26 |    75 |   185 |   437 |   675 ||  1398
